 Dungeon Crawl Stone Soup version 0.31.0-32-g396128a36d (webtiles) character file.

Game seed: 15046217537968693923

21517 mainiacjoe the Basher (level 13, -6/88 HPs)
             Began as a Djinni Reaver on Mar 14, 2024.
             Was an Elder of Hepliaklqana.
             Mangled by a cane toad (22 damage)
             ... on level 3 of the Lair of Beasts on Mar 17, 2024.
             The game lasted 00:44:19 (13913 turns).

mainiacjoe the Basher (Djinni Reaver)              Turns: 13913, Time: 00:44:20

Health: -6/88      AC:  8    Str: 14    XL:     13   Next: 20%
Gold:   708        EV: 23    Int: 19    God:    Hepliaklqana [****..] SH:  0 Dex: 17

rFire   + + +        a - +11 whip of the Butterfly {freeze, Will+ Stlth+}
rCold   . . .        (no shield)
rNeg    . . .        O - +0 steam dragon scales
rPois   ∞            c - +0 helmet
rElec   +            p - +0 cloak
rCorr   .            H - +0 pair of gloves {Str+3}
SInv    .            (boots unavailable)
Will    ++...        (no amulet)
Stlth   ++++         y - ring "Jifreux" {Wiz ^Drain rElec rF+ Dex+2, =R}
HPRegen 0.34/turn    u - ring "Riorr" {rElec rC+ EV+5 Dex+2 Stlth+}
MPRegen 0.00/turn

%: wizardry (x1), infuse magic (-7 HP)
@: flying
A: reduced essence, sickness immunity, fire resistance 2, cold vulnerability 1,
float, innate caster, HP casting, extra vitality 1
a: Renounce Religion, Recall Ancestor, Ancestor Identity, Transference, Idealise


You were on level 3 of the Lair of Beasts.
You worshipped Hepliaklqana.
Hepliaklqana was greatly pleased with you.
You visited 3 branches of the dungeon, and saw 14 of its levels.
You also visited: Ossuary.

You collected 870 gold pieces.
You spent 162 gold pieces at shops.

Inventory:

Hand Weapons
 a - the +11 whip of the Butterfly (weapon) {freeze, Will+ Stlth+}
   (You took it off a gnoll on level 3 of the Dungeon)

   Will+:     It increases your willpower.
   Stlth+:    It makes you more stealthy.
 b - a +1 sling
 m - a +0 falchion of draining
Missiles
 f - 6 javelins
 g - 150 stones
 k - 4 atropa-tipped darts {=F}
 w - 6 curare-tipped darts {=F}
 A - 36 poisoned darts
Armour
 c - a +0 helmet (worn)
 p - a +0 cloak (worn)
 q - a +2 leather armour of fire resistance
 H - a +0 pair of gloves of strength (worn)
 O - +0 steam dragon scales (worn)
Jewellery
 u - the ring "Riorr" (right hand) {rElec rC+ EV+5 Dex+2 Stlth+}
   (You acquired it on level 8 of the Dungeon)

   [ring of evasion]

   EV+5:      It affects your evasion (+5).
   Dex+2:     It affects your dexterity (+2).
   rC+:       It protects you from cold.
   rElec:     It insulates you from electricity.
   Stlth+:    It makes you more stealthy.
 y - the ring "Jifreux" (left hand) {Wiz ^Drain rElec rF+ Dex+2, =R}
   (You found it on level 5 of the Dungeon)

   [ring of wizardry]

   Wiz:       It improves your spell success rate.
   Dex+2:     It affects your dexterity (+2).
   rF+:       It protects you from fire.
   rElec:     It insulates you from electricity.
   ^Drain:    It drains your maximum health when unequipped.
 B - a ring of resist corrosion
 E - a ring of see invisible
 M - a +6 ring of intelligence
 R - a ring of willpower
Wands
 n - a wand of charming (17)
 r - a wand of quicksilver (5)
 s - a wand of polymorph (2)
 C - a wand of mindburst (16)
Scrolls
 i - a scroll of revelation
 l - a scroll of blinking
 x - 7 scrolls of teleportation
 z - a scroll of poison
 D - 2 scrolls of vulnerability
 L - 2 scrolls of enchant weapon
 P - 2 scrolls of fear
 Q - a scroll of summoning
 S - 2 scrolls of identify
 T - 2 scrolls of immolation
Potions
 d - 2 potions of mutation
 e - a potion of heal wounds
 h - 3 potions of attraction
 j - a potion of ambrosia
 o - 4 potions of enlightenment
 t - 3 potions of lignification
 v - 5 potions of berserk rage
 F - 7 potions of curing
 G - 2 potions of brilliance
 I - a potion of invisibility
 J - 3 potions of might
 K - 3 potions of resistance
 N - 2 potions of haste


   Skills:
 + Level 10.8 Fighting
 - Level 2.6 Long Blades
 - Level 12.0 Maces & Flails
 - Level 10.0 Dodging
 - Level 5.0 Spellcasting
 - Level 5.0 Conjurations
 - Level 5.0 Hexes
 - Level 5.0 Summonings
 - Level 5.0 Necromancy
 - Level 5.0 Translocations
 - Level 5.0 Fire Magic
 - Level 5.0 Ice Magic
 - Level 5.0 Air Magic
 - Level 5.0 Earth Magic
 - Level 5.0 Alchemy
 + Level 3.9 Invocations
 + Level 4.0 Evocations


You knew the following spells:

 Your Spells              Type           Power      Damage    Failure   Level
a - Fireball              Conj/Fire      11%        3d7       17%         5
b - Manifold Assault      Tloc           23%        N/A       6%          4
c - Hailstorm             Conj/Ice       23%        3d7       1%          3
d - Confusing Touch       Hex            23%        N/A       1%          3
e - Lesser Beckoning      Tloc           46%        N/A       1%          2
f - Momentum Strike       Conj/Tloc      46%        3d9       1%          2
g - Alistair's Intoxicat  Alch           15%        N/A       17%         5
h - Magic Dart            Conj           92%        1d7       1%          1
k - Kiss of Death         Conj/Necr      92%        2d12      1%          1
Your spell library was empty.

Dungeon Overview and Level Annotations

Branches:
Dungeon (10/15)            Temple (1/1) D:7            Lair (3/5) D:10
  Swamp (0/4) Lair:2        Snake (0/4) Lair:2      Ossuary (visited)
    Orc: D:9-12

Altars:
Ashenzari
Cheibriados
Dithmenos
Elyvilon
Fedhas
Gozag
Hepliaklqana
Makhleb
Nemelex Xobeh
Okawaru
Qazlal
Ru
Trog
Uskayaw
Wu Jian
Xom
Yredelemnul
Zin
The Shining One

Shops:
D:4 (   D:7 *

Portals:
Abyss: Lair:1

Annotations:
D:7 2 transporters, Menkaure
Lair:1 2 transporters, spaghetti's ghost, journeyman NaCK


Innate Abilities, Weirdness & Mutations

Your life essence is reduced to manifest your ancestor. (-10% HP)
You are immune to sickness and miasma.
You are immune to poison.
Your flesh is very heat resistant. (rF++)
You are vulnerable to cold. (rC-)
You float through the air rather than walking.
You learn spells naturally, not from books.
Your magical power is your life essence.
You have superior vitality. (+4 MHP)


Message History

The elephant tramples Ingwe but does no damage.
Ingwe blocks the elephant's attack.
The elephant completely misses you. The elephant barely misses you.
The wyvern bites you but does no damage.
The cane toad completely misses you.
You closely miss the wyvern.
The wyvern is almost dead.
Ingwe hits the elephant with a +0 flail.
The elephant tramples Ingwe.
Ingwe is shoved backwards!
The wyvern closely misses you. The elephant misses you.
The elephant completely misses you.
You hit the wyvern. You freeze the wyvern.
You kill the wyvern!
The cane toad barely misses you.
Ingwe hits the elephant with a +0 flail!
The cane toad stings you!
* * * LOW HITPOINT WARNING * * *
The elephant attacks as it pursues you! The elephant tramples you!
* * * LOW HITPOINT WARNING * * *
You are shoved backwards!
Ingwe blocks the elephant's attack. x2
You whack the elephant! You freeze the elephant.
The elephant is severely wounded.
The elephant closely misses you. The elephant misses you.
You completely miss the elephant.
The elephant is severely wounded.
You hit the elephant. You freeze the elephant.
The elephant is severely wounded.
The elephant barely misses you. x2
You completely miss the elephant.
The elephant is severely wounded.
You whack the elephant! You freeze the elephant.
The elephant is almost dead.
The elephant completely misses you. The elephant barely misses you.
You whack the elephant! You freeze the elephant.
You kill the elephant!
Your Evocations skill increases to level 4!
You completely miss the cane toad.
The cane toad is moderately wounded.
The cane toad stings you!!
You die...

#### .......
....... .......
.......
#######.......
##.8.##........
#....RF[.......
#8.<†8#@##....
#....Y#.# .
##.†.##..
#.RY#...#
#......###.
#..........#
...#...#.....
.......8...+...8
...#.....#.#...


You could see the friendly Ingwe the knight and a cane toad (ally target).

Vanquished Creatures
  2 hydras (Lair:2)
  3 two-headed ogres
  A salamander (Lair:2)
  A cyclops (D:7)
  7 elephants
  Joseph (D:7)
  2 black mambas
  A torpor snail (Lair:1)
  5 cane toads
  A komodo dragon (Lair:1)
  2 polar bears
  Grinder (D:4)
  6 blink frogs
  Sigmund (D:6)
  14 yaks
  A shadow (D:9)
  A vampire (D:9)
  2 wyverns
  Eustachio (D:4)
  A steam dragon (D:8)
  Grum (D:8)
  2 nagas (Lair:2)
  An acid dragon (D:9)
  2 water moccasins
  An ice beast (D:6)
  3 black bears
  An ogre (D:7)
  4 centaurs
  7 wolves
  4 kobold brigands
  5 bullfrogs
  A gnoll sergeant (D:4)
  3 scorpions
  A wyvern zombie (D:6)
  2 wights (D:9)
  11 killer bees
  3 bullfrog zombies (D:6)
  A centaur zombie (D:6)
  4 howler monkeys
  2 orc priests (D:4)
  5 hounds
  4 jellies
  A gnoll bouda (D:5)
  Crazy Yiuf (D:3)
  A sleepcap (D:6)
  7 iguanas
  Natasha (thrice) (D:4)
  5 orc wizards
  8 mummies (Ossuary)
  A howler monkey zombie (D:6)
  15 gnolls
  7 adders
  2 white imps
  2 ribbon worms
  17 orcs
  4 endoplasms
  2 giant cockroaches (D:2)
  A goblin (D:4)
  10 hobgoblins
  4 jackals (D:2)
  22 kobolds
  3 quokkas
  9 ball pythons
  4 bats
  2 frilled lizards
  A gnoll zombie (Ossuary)
  A hobgoblin zombie (Ossuary)
  2 kobold zombies (Ossuary)
  4 orc zombies (Ossuary)
  2 rats (D:2)
263 creatures vanquished.

Vanquished Creatures (collateral kills)
  A skyshark (Lair:2)
  An elephant (Lair:2)
  A cane toad (Lair:1)
  A komodo dragon (Lair:2)
  2 blink frogs (Lair:1)
  2 yaks (Lair:2)
  A wyvern (D:9)
  A naga (Lair:2)
  An acid dragon (D:10)
  A tengu (D:9)
  A centaur (D:9)
  A scorpion (D:4)
  3 wights (D:9)
  A howler monkey (D:8)
  4 kobolds (D:9)
  A rat (D:1)
23 creatures vanquished.

Vanquished Creatures (others)
  A yak (D:8)
  A bullfrog (D:8)
  2 ancestors
  5 knights
9 creatures vanquished.

Grand Total: 295 creatures vanquished

Notes
Turn   | Place    | Note
-------+----------+-------------------------------------------
     0 | D:1      | mainiacjoe the Djinni Reaver began the quest for the Orb.
     0 | D:1      | mainiacjoe set off with the following spells memorised:
                  | Kiss of Death, Momentum Strike, Hailstorm.
     0 | D:1      | Reached XP level 1. HP: 18/18 MP: 0/0
   286 | D:1      | Reached XP level 2. HP: 23/23 MP: 0/0
   677 | D:2      | Found a faded altar of an unknown god.
   811 | D:2      | Reached XP level 3. HP: 24/28 MP: 0/0
   811 | D:2      | Learned a level 1 spell: Magic Dart
  1716 | D:3      | Identified the +11 whip of the Butterfly {freeze, Will+
                  | Stlth+}
  1721 | D:3      | Reached XP level 4. HP: 18/33 MP: 0/0
  2108 | D:3      | Found a runed translucent door.
  2109 | D:3      | Noticed Crazy Yiuf
  2114 | D:3      | Killed Crazy Yiuf
  2115 | D:3      | Reached skill level 1 in Maces & Flails
  2115 | D:3      | Reached XP level 5. HP: 32/35 MP: 0/0
  2115 | D:3      | Learned a level 2 spell: Lesser Beckoning
  2204 | D:3      | Noticed a black bear
  2209 | D:3      | Killed a black bear
  2210 | D:3      | Reached skill level 2 in Maces & Flails
  2210 | D:3      | Reached XP level 6. HP: 30/43 MP: 0/0
  2394 | D:3      | Found a burning altar of Makhleb.
  2532 | D:4      | Noticed Eustachio
  2540 | D:4      | Noticed Grinder
  2552 | D:4      | Killed Eustachio
  2553 | D:4      | Reached skill level 5 in Spellcasting
  2553 | D:4      | Reached skill level 5 in Conjurations
  2553 | D:4      | Reached skill level 5 in Hexes
  2553 | D:4      | Reached skill level 5 in Summonings
  2553 | D:4      | Reached skill level 5 in Necromancy
  2553 | D:4      | Reached skill level 5 in Translocations
  2553 | D:4      | Reached skill level 5 in Fire Magic
  2553 | D:4      | Reached skill level 5 in Ice Magic
  2553 | D:4      | Reached skill level 5 in Air Magic
  2553 | D:4      | Reached skill level 5 in Earth Magic
  2553 | D:4      | Reached skill level 5 in Alchemy
  2554 | D:4      | HP: 1/46 [scorpion (1)]
  2557 | D:4      | Reached XP level 7. HP: 1/52 MP: 0/0
  2557 | D:4      | Learned a level 3 spell: Confusing Touch
  2790 | D:4      | Noticed Natasha
  2796 | D:4      | Killed Natasha
  2800 | D:4      | Found Riycek's Antique Weapon Emporium.
  2901 | D:4      | Killed Grinder
  2902 | D:4      | Reached XP level 8. HP: 48/61 MP: 0/0
  3339 | D:4      | Noticed Natasha
  3342 | D:4      | Killed Natasha
  3627 | D:4      | Noticed Natasha
  3631 | D:4      | Killed Natasha
  3757 | D:4      | Reached skill level 3 in Maces & Flails
  3901 | D:5      | Entered Level 5 of the Dungeon
  4073 | D:5      | Identified the ring "Jifreux" {Wiz ^Drain rElec rF+ Dex+2}
  4808 | D:5      | Reached XP level 9. HP: 41/68 MP: 0/0
  4808 | D:5      | Learned a level 4 spell: Manifold Assault
  4940 | D:6      | Noticed Sigmund
  4949 | D:6      | Killed Sigmund
  5015 | D:6      | Reached skill level 4 in Maces & Flails
  5015 | D:6      | Reached skill level 5 in Dodging
  5060 | D:6      | Found a sand-covered staircase.
  5070 | Ossuary  | Entered an ossuary
  6154 | D:7      | Found Ohiss's General Store.
  6159 | D:7      | Bought a scroll of identify for 24 gold pieces
  6160 | D:7      | Bought a +0 pair of gloves of strength for 138 gold pieces
  6220 | D:7      | Reached skill level 5 in Maces & Flails
  6256 | D:7      | Found a staircase to the Ecumenical Temple.
  6343 | Temple   | Entered the Ecumenical Temple
  6356 | Temple   | Became a worshipper of Hepliaklqana the Forgotten
  6451 | D:7      | Noticed Menkaure
  6453 | D:7      | Found a basalt altar of Yredelemnul.
  6472 | D:7      | Found a transporter.
  6484 | D:7      | Found a transporter.
  6557 | D:7      | Noticed Joseph
  6563 | D:7      | Killed Joseph
  6564 | D:7      | Reached XP level 10. HP: 55/77 MP: 0/0
  6752 | D:7      | Noticed a cyclops
  6766 | D:7      | Killed a cyclops
  7470 | D:8      | Reached skill level 6 in Maces & Flails
  7781 | D:8      | Reached * piety under Hepliaklqana
  7827 | D:8      | Noticed Grum
  7837 | D:8      | Killed Grum
  8001 | D:8      | Identified a scroll of acquirement
  8001 | D:8      | Acquired the ring "Riorr" {rElec rC+ EV+5 Dex+2 Stlth+}
  8309 | D:8      | Noticed a two-headed ogre
  8319 | D:8      | Killed a two-headed ogre
  8373 | D:8      | Reached XP level 11. HP: 67/76 MP: 0/0
  8373 | D:8      | Learned a level 5 spell: Alistair's Intoxication
  8730 | D:9      | Noticed Erolcha
  8760 | D:9      | Erolcha changed into Erolcha the tengu
  8760 | D:9      | Noticed Erolcha
  8763 | D:9      | Killed Erolcha the tengu
  8771 | D:9      | Reached skill level 10 in Fighting
  8802 | D:9      | Reached skill level 7 in Maces & Flails
  9180 | D:9      | Found an opulent altar of Gozag.
  9314 | D:9      | Reached ** piety under Hepliaklqana
  9315 | D:9      | Remembered your ancestor Ingwe as a knight
  9675 | D:10     | Entered Level 10 of the Dungeon
  9744 | D:10     | Noticed a two-headed ogre
  9756 | D:10     | Killed a two-headed ogre
  9765 | D:10     | Reached skill level 10 in Dodging
  9915 | D:10     | Found a staircase to the Lair.
 10062 | D:10     | Noticed a two-headed ogre
 10071 | D:10     | Killed a two-headed ogre
 10072 | D:10     | Reached skill level 8 in Maces & Flails
 10563 | Lair:1   | Entered Level 1 of the Lair of Beasts
 10572 | Lair:1   | Found a one-way gate to the infinite horrors of the Abyss.
 10572 | Lair:1   | Noticed spaghetti's ghost (journeyman NaCK)
 10573 | Lair:1   | Noticed a hell hog
 10599 | Lair:1   | Reached skill level 9 in Maces & Flails
 10607 | Lair:1   | Found a transporter.
 10772 | Lair:1   | Reached *** piety under Hepliaklqana
 10873 | Lair:1   | Reached XP level 12. HP: 61/81 MP: 0/0
 10919 | Lair:1   | Reached skill level 10 in Maces & Flails
 11009 | Lair:1   | Noticed a thrashing horror
 11010 | Lair:1   | Found a transporter.
 11380 | Lair:1   | Noticed a sun demon
 11512 | Lair:2   | Noticed a skyshark
 11526 | Lair:2   | Killed a skyshark
 11642 | Lair:2   | Found a staircase to the Swamp.
 11642 | Lair:2   | Noticed a six-headed hydra
 11661 | Lair:2   | Killed a six-headed hydra
 11662 | Lair:2   | Reached skill level 11 in Maces & Flails
 11841 | Lair:2   | Noticed a six-headed hydra
 11851 | Lair:2   | Killed a six-headed hydra
 12270 | Lair:2   | Found a staircase to the Snake Pit.
 12481 | Lair:1   | Reached skill level 12 in Maces & Flails
 12782 | Lair:2   | Reached skill level 1 in Evocations
 12853 | Lair:2   | Reached skill level 1 in Invocations
 12974 | Lair:2   | Reached **** piety under Hepliaklqana
 13265 | Lair:2   | Reached XP level 13. HP: 55/87 MP: 0/0
 13265 | Lair:2   | Learned a level 5 spell: Fireball
 13913 | Lair:3   | Mangled by a cane toad

Illustrated notes

Levels and vault maps discovered:
D:1:      noname_arrival_rooms_in_the_neighbourhood, layout_basic
D:2:      layout_basic, chequers_ecumenical_altar_island,
          nicolae_houndstooth_variations
D:3:      layout_loops_corners, bloody_makhleb, uniq_crazy_yiuf_cottage
D:4:      layout_loops_ring, serial_shops, shop_statue, lightli_minifort,
          uniq_natasha, uniq_eustachio, uniq_grinder
D:5:      layout_loops_ring, kennysheep_generic_room_6
D:6:      layout_gridville, serial_undead, serial_undead_b, serial_undead_b,
          serial_undead_e, serial_undead_a, serial_undead_e,
          mainiacjoe_ossuary_entry_dusty_tomb, uniq_sigmund
D:7:      layout_loops_ring, gammafunk_temple_of_torment,
          minmay_temple_entry_water_ring, serial_shops, kennysheep_little_box,
          uniq_joseph
D:8:      layout_loops_corners, lemuel_flame_loot_1, uniq_grum
D:9:      layout_long_grid, grunt_gozag_statues, uniq_erolcha
D:10:     layout_irregular_city, mainiacjoe_overflow_six_doors_small,
          lair_entry_dummy
Temple:   nicolae_temple_bog_church
Lair:1:   layout_big_grid, gammafunk_ghost_abyssal_escape, lemuel_fruit_fields
Lair:2:   layout_roguey, minmay_swamp_entry_reptiles,
          alex1729_snake_entry_snake, grunt_megastairs_4
Lair:3:   layout_long_grid, grunt_megastairs_1, infiniplex_staircase_pool

Skill      XL: |  1  2  3  4  5  6  7  8  9 10 11 12 13 |
---------------+----------------------------------------+-----
Spellcasting   | 3 4 5 |  5.0
Conjurations   | 3 4 5 |  5.0
Hexes          | 3 4 5 |  5.0
Summonings     | 3 4 5 |  5.0
Necromancy     | 3 4 5 |  5.0
Translocations | 3 4 5 |  5.0
Fire Magic     | 3 4 5 |  5.0
Ice Magic      | 3 4 5 |  5.0
Air Magic      | 3 4 5 |  5.0
Earth Magic    | 3 4 5 |  5.0
Alchemy        | 3 4 5 |  5.0
Maces & Flails | 1 2 3 5 6 9 12 | 12.0
Fighting       | 4 6 7 8 9 10 | 10.8
Dodging        | 4 6 8 10 | 10.0
Evocations     | 2 4 |  4.0
Invocations    | 2 3 |  3.9
Long Blades    | |  2.6

Action                     |  1- 3 |  4- 6 |  7- 9 | 10-12 | 13-15 || total
---------------------------+-------+-------+-------+-------+-------++-------
  Melee: Falchion          |    61 |       |       |       |       ||    61
         Whip              |       |    14 |   219 |   393 |    35 ||   661
         Punch             |       |       |     2 |     8 |     1 ||    11
   Fire: Sling             |       |       |     4 |       |       ||     4
   Cast: Momentum Strike   |     6 |     2 |     2 |     1 |       ||    11
         Magic Dart        |     9 |     9 |    26 |    28 |       ||    72
         Hailstorm         |     4 |     8 |    29 |    61 |     1 ||   103
         Kiss of Death     |       |     2 |       |       |       ||     2
         Confusing Touch   |       |       |     3 |     5 |       ||     8
         Manifold Assault  |       |       |     1 |    59 |     2 ||    62
         Fireball          |       |       |       |       |     6 ||     6
 Invoke: Ancestor Identity |       |       |       |     1 |       ||     1
         Ancestor Life: Kn |       |       |       |     1 |       ||     1
         Recall Ancestor   |       |       |       |     2 |       ||     2
  Evoke: Wand              |       |     1 |       |     4 |       ||     5
    Use: Scroll            |     9 |     2 |    13 |     6 |       ||    30
   Stab: Sleeping          |       |     1 |     2 |     4 |     1 ||     8
         Confused          |       |       |     3 |     4 |       ||     7
         Distracted        |       |       |       |     1 |       ||     1
 Armour: Leather armour    |    41 |    17 |   124 |    34 |       ||   216
         Steam dragon scal |       |       |       |    99 |    28 ||   127
  Dodge: Dodged            |    39 |    15 |   132 |   284 |    40 ||   510
